details: 'weird game'

« prev index next »

General information

Mini Map

Players

team 1
Random» Undeadtremor (pink | 49 APM | 22 actions | 00:26)

» actions
Basic commands1
Build / train1
Enter build submenu2
Right click12
Select / deselect4
Use ability2
22 total
» units
Acolyte1
1 total
» buildings
Crypt1
Graveyard1
2 total
» build order
00:10 Crypt
00:16 Graveyard
Random» Orcblackrose (orange | 29 APM | 455 actions | 15:41)
Hero icon 4 Blademaster
Ability icon 2 Wind Walk
Ability icon 2 Critical Strike
Hero icon 2 Dark Ranger
Ability icon 1 Silence
Ability icon 1 Black Arrow

» actions
Assign group hotkey16
Basic commands46
Build / train49
Enter build submenu15
Enter hero's abilities submenu6
Right click90
Select / deselect163
Select group hotkey36
Use ability34
455 total
» units
Peon9
Grunt14
Tauren2
25 total
» upgrades
Pillage1
Melee Weapons2
Armor1
Spiked Barricades1
Berserker Strength1
Pulverize1
7 total
» buildings
Altar of Storms1
Orc Burrow5
Barracks2
War Mill1
Voodoo Lounge1
Stronghold1
Fortress1
Tauren Totem1
Spirit Lodge1
Great Hall1
15 total
» build order
00:07 Altar of Storms
00:11 Orc Burrow
01:26 Barracks
01:59 Orc Burrow
02:44 War Mill
02:51 Voodoo Lounge
05:10 Orc Burrow
05:13 Stronghold
05:42 Orc Burrow
09:38 Fortress
10:31 Orc Burrow
13:25 Barracks
13:26 Tauren Totem
14:02 Spirit Lodge
15:31 Great Hall
» items
Healing Salve2
Scroll of Speed2
Orb of Lightning1
Scroll of Town Portal1
6 total
HumanDontKnoHow2Play (green | 36 APM | 1522 actions | 42:05)
Hero icon 5 Crypt Lord
Ability icon 2 Impale
Ability icon 2 Spiked Carapace
Ability icon 1 Locust Swarm
Hero icon 3 Blademaster
Ability icon 1 Wind Walk
Ability icon 1 Bladestorm
Ability icon 1 Critical Strike

» actions
Assign group hotkey26
Basic commands144
Build / train86
Enter build submenu24
Enter hero's abilities submenu8
Give item / drop item13
Remove unit from queue11
Right click629
Select / deselect315
Select group hotkey179
Use ability86
1522 total
» units
Acolyte10
Ghoul7
Peasant12
Peon10
Gargoyle11
50 total
» upgrades
Burrow1
Web1
Creature Attack2
Creature Carapace4
Stone Form1
Reinforced Defenses1
10 total
» buildings
Nerubian Tower1
Halls of the Dead1
Necropolis3
Crypt1
Black Citadel1
Ziggurat6
Watch Tower7
Spirit Tower1
Voodoo Lounge1
Great Hall1
23 total
» build order
13:45 Nerubian Tower
14:25 Halls of the Dead
16:08 Necropolis
16:55 Crypt
17:40 Black Citadel
18:21 Ziggurat
18:21 Ziggurat
21:35 Necropolis
22:12 Watch Tower
22:14 Watch Tower
22:20 Watch Tower
22:21 Watch Tower
22:23 Watch Tower
22:24 Watch Tower
22:38 Spirit Tower
25:31 Voodoo Lounge
25:48 Watch Tower
26:27 Ziggurat
26:27 Ziggurat
26:28 Ziggurat
28:23 Necropolis
40:00 Great Hall
» items
Scroll of Town Portal1
Healing Salve1
Lesser Clarity Potion1
3 total
OrcRedTEAM (purple | 24 APM | 1003 actions | 42:04)
Hero icon 3 Far Seer
Ability icon 2 Feral Spirit
Ability icon 1 Chain Lighting
Hero icon 3 Crypt Lord
Ability icon 1 Carrion Beetles
Ability icon 1 Spiked Carapace
Ability icon 1 Impale
Hero icon 1 Shadow Hunter
Ability icon 1 Serpent Ward
Hero icon 1 Blademaster
Ability icon 1 Critical Strike

» actions
Basic commands10
Build / train109
Enter build submenu26
Enter hero's abilities submenu8
Remove unit from queue5
Right click405
Select / deselect394
Use ability46
1003 total
» units
Peon16
Acolyte1
Crypt Fiend12
Grunt10
Demolisher3
Raider29
Tauren10
81 total
» upgrades
Creature Attack1
Melee Weapons3
Armor3
Creature Carapace1
Ensnare1
9 total
» buildings
Ziggurat4
Altar of Storms1
Orc Burrow9
Altar of Darkness1
War Mill1
Barracks1
Voodoo Lounge1
Stronghold1
Watch Tower2
Beastiary2
Sacrificial Pit1
Fortress1
25 total
» build order
00:42 Ziggurat
00:57 Altar of Storms
01:02 Orc Burrow
01:14 Altar of Darkness
01:27 War Mill
01:36 Barracks
02:20 Orc Burrow
02:26 Voodoo Lounge
03:57 Ziggurat
04:02 Ziggurat
05:43 Orc Burrow
05:47 Orc Burrow
05:55 Orc Burrow
06:00 Stronghold
10:20 Watch Tower
11:27 Watch Tower
11:55 Beastiary
13:32 Beastiary
19:08 Orc Burrow
19:13 Orc Burrow
19:33 Orc Burrow
19:36 Orc Burrow
20:22 Sacrificial Pit
20:30 Ziggurat
22:39 Fortress
team 2
Random» UndeadApocalypse(SoD) (yellow | 24 APM | 263 actions | 10:48)
Hero icon 2 Death Knight
Ability icon 1 Death Coil
Ability icon 1 Unholy Aura
Hero icon 1 Lich
Ability icon 1 Frost Nova

» actions
Assign group hotkey5
Basic commands8
Build / train28
ESC pressed1
Enter build submenu14
Enter hero's abilities submenu3
Right click79
Select / deselect79
Select group hotkey28
Use ability18
263 total
» units
Acolyte3
Ghoul5
Crypt Fiend7
Banshee2
Obsidian Statue2
19 total
» upgrades
Web2
2 total
» buildings
Altar of Darkness1
Ziggurat4
Crypt1
Graveyard1
Tomb of Relics2
Halls of the Dead1
Black Citadel1
Slaughterhouse1
Sacrificial Pit1
Temple of the Damned1
14 total
» build order
00:42 Altar of Darkness
00:54 Ziggurat
01:15 Crypt
01:46 Graveyard
02:34 Ziggurat
02:44 Tomb of Relics
03:32 Halls of the Dead
05:06 Ziggurat
05:11 Tomb of Relics
05:17 Ziggurat
06:58 Black Citadel
07:02 Slaughterhouse
07:15 Sacrificial Pit
07:36 Temple of the Damned
Undeaddestinedtoshine (teal | 189 APM | 1514 actions | 08:00)
Hero icon 3 Death Knight
Ability icon 2 Death Coil
Ability icon 1 Unholy Aura

» actions
Assign group hotkey148
Basic commands3
Build / train32
Enter build submenu15
Enter hero's abilities submenu3
Give item / drop item3
Right click682
Select / deselect193
Select group hotkey401
Use ability34
1514 total
» units
Acolyte7
Ghoul2
Crypt Fiend6
15 total
» upgrades
Creature Attack1
1 total
» buildings
Graveyard1
Crypt2
Altar of Darkness1
Ziggurat5
Tomb of Relics1
Nerubian Tower2
Halls of the Dead1
Necropolis1
Slaughterhouse1
15 total
» build order
00:11 Graveyard
00:13 Crypt
00:51 Altar of Darkness
00:58 Ziggurat
01:22 Tomb of Relics
02:02 Ziggurat
02:32 Nerubian Tower
02:33 Nerubian Tower
04:08 Ziggurat
05:16 Halls of the Dead
05:29 Necropolis
06:44 Crypt
07:14 Ziggurat
07:15 Ziggurat
07:40 Slaughterhouse
» items
Rod of Necromancy2
Dust of Appearance2
Lesser Clarity Potion2
Healing Salve2
Scroll of Speed1
9 total
Random» OrcSMALLASIANPENlS (blue | 64 APM | 862 actions | 13:32)
Hero icon 3 Blademaster
Ability icon 2 Wind Walk
Ability icon 1 Critical Strike

» actions
Assign group hotkey6
Basic commands24
Build / train57
Enter build submenu15
Enter hero's abilities submenu3
Right click537
Select / deselect110
Select group hotkey38
Use ability72
862 total
» units
Peon12
Kodo Beast9
21 total
» upgrades
Spiked Barricades3
War Drums Damage Increase1
4 total
» buildings
Orc Burrow6
Altar of Storms1
Voodoo Lounge2
War Mill1
Stronghold2
Fortress5
Beastiary1
18 total
» build order
00:21 Orc Burrow
00:35 Orc Burrow
00:51 Altar of Storms
01:25 Voodoo Lounge
02:02 War Mill
02:14 Voodoo Lounge
02:53 Stronghold
02:54 Stronghold
04:52 Orc Burrow
05:14 Fortress
05:15 Fortress
05:15 Fortress
05:45 Beastiary
07:29 Orc Burrow
07:33 Orc Burrow
09:11 Orc Burrow
» items
Healing Salve1
Lesser Clarity Potion11
Potion of Healing1
Scroll of Town Portal1
Orb of Lightning1
15 total
Random» OrcOberlyn (red | 37 APM | 1571 actions | 42:04)
Hero icon 4 Blademaster
Ability icon 2 Wind Walk
Ability icon 2 Critical Strike
Hero icon 4 Shadow Hunter
Ability icon 2 Healing Wave
Ability icon 2 Hex
Hero icon 1 Lich
Ability icon 1 Dark Ritual

» actions
Assign group hotkey22
Basic commands17
Build / train69
Enter build submenu49
Enter hero's abilities submenu9
Right click700
Select / deselect354
Select group hotkey270
Use ability80
1571 total
» units
Peon36
Tauren4
Shaman4
44 total
» upgrades
Armor3
Melee Weapons3
Shaman Training2
Pulverize1
9 total
» buildings
War Mill1
Altar of Storms2
Orc Burrow11
Voodoo Lounge1
Watch Tower8
Barracks2
Stronghold1
Fortress1
Spirit Lodge1
Tauren Totem2
Great Hall14
44 total
» build order
00:18 War Mill
00:29 Altar of Storms
00:33 Altar of Storms
00:46 Orc Burrow
01:21 Voodoo Lounge
02:44 Orc Burrow
03:16 Watch Tower
03:21 Watch Tower
03:25 Watch Tower
03:42 Orc Burrow
04:51 Barracks
05:05 Stronghold
05:13 Orc Burrow
05:17 Orc Burrow
05:30 Watch Tower
06:37 Orc Burrow
06:41 Orc Burrow
06:55 Orc Burrow
07:15 Watch Tower
07:27 Fortress
08:42 Watch Tower
08:49 Spirit Lodge
10:32 Watch Tower
10:48 Tauren Totem
11:39 Watch Tower
11:49 Tauren Totem
20:36 Orc Burrow
22:20 Great Hall
22:28 Great Hall
24:21 Great Hall
26:06 Great Hall
26:41 Great Hall
27:38 Orc Burrow
27:57 Great Hall
30:35 Great Hall
33:45 Orc Burrow
35:34 Great Hall
35:41 Great Hall
35:55 Great Hall
37:38 Great Hall
37:57 Great Hall
38:54 Great Hall
39:40 Great Hall
41:16 Barracks
» items
Lesser Clarity Potion1
Healing Salve1
Scroll of Town Portal1
3 total

Chat log

(00:28 / All) SMALLASIANPENlS: what kind of porn do you watch
(00:50 / All) Oberlyn: i like the big boys
(01:06 / All) SMALLASIANPENlS: for some reason i built two burrows to start the game

(02:42 / All) SMALLASIANPENlS: How big is your penis
(02:49 / All) destinedtoshine: anyone know a good brand of headphones
(02:52 / All) Apocalypse(SoD): as big as yours
(02:59 / All) Apocalypse(SoD): sony
(03:09 / All) SMALLASIANPENlS: how much u willing to spend
(03:11 / All) Apocalypse(SoD): boost is garb
(03:17 / All) destinedtoshine: maybe like 40-50
(03:18 / All) SMALLASIANPENlS: i bought a $300 pair and bass is great
(03:30 / All) destinedtoshine: no way im spending 300
(03:44 / All) SMALLASIANPENlS: would u be willing to spend $500
(03:48 / All) destinedtoshine: no

(05:56 / All) SMALLASIANPENlS: lollerskates!!
(06:45 / All) Oberlyn: dont kill e

(08:56 / All) Oberlyn: gg nubs
(09:06 / All) Oberlyn: we've taken the bridge

(12:23 / All) Oberlyn: EAT HIS GRUNTS
(13:07 / All) Oberlyn: EOE

(14:42 / All) Oberlyn: gg'
(15:41 / All) Oberlyn: LAg fest 2017

(20:55 / Allies) DontKnoHow2Play: mass tower fast

(25:11 / All) Oberlyn: ARGH

(28:04 / All) Oberlyn: quit
(28:06 / All) Oberlyn: now

(30:06 / All) Oberlyn: QUIT

(34:53 / All) Oberlyn: u ugys there or what

(36:02 / All) Oberlyn: quit now
(36:13 / All) Oberlyn: fucking nubs

(38:25 / All) Oberlyn: r u guys even her
(38:33 / All) Oberlyn: this isnt even fun with out u guys answering me
(38:43 / All) Oberlyn: u guys ruin warcraft
(39:06 / All) DontKnoHow2Play: time is a flat circle
(39:09 / All) Oberlyn: tremor is a itch
(39:19 / All) Oberlyn: explain
(39:20 / All) Oberlyn: fag
(40:19 / All) Oberlyn: theres two of u
(40:22 / All) Oberlyn: and u refuse to quit
(40:24 / All) Oberlyn: why
(40:27 / All) Oberlyn: why u fucking fags
(40:33 / All) DontKnoHow2Play: because we won suckah

(41:50 / All) Oberlyn: u think thats it/?
(41:53 / All) Oberlyn: its not